 Dungeon Crawl Stone Soup version 0.20.1-1-g8b1a95d (webtiles) character file.

85225 Megalobster the Severer (level 15, -18/140 HPs)
             Began as a Deep Dwarf Fighter on Aug 2, 2017.
             Was a High Priest of Makhleb.
             Killed from afar by a blizzard demon (40 damage)
             ... with a bolt of cold
             ... summoned by the player character
             ... on level 15 of the Dungeon on Aug 3, 2017.
             The game lasted 03:21:39 (22387 turns).

Megalobster the Severer (Deep Dwarf Fighter)       Turns: 22387, Time: 03:21:39

Health: -18/140    AC: 25    Str: 27    XL:     15   Next: 37%
Magic:  11/11      EV: 11    Int: 10    God:    Makhleb [*****.]
Gold:   515        SH: 15    Dex: 12    Spells: 14/14 levels left

rFire    + . .     SeeInvis .   a - +3 broad axe (venom)
rCold    . . .     Gourm    +   Z - +2 shield
rNeg     + . .     Faith    .   D - +3 plate armour {rC+}
rPois    +         Spirit   .   E - +0 helmet
rElec    .         Reflect  .   o - +0 cloak
rCorr    .         Harm     .   d - +1 pair of gloves
MR       +++..                  B - +0 pair of boots
Stlth    ..........             z - amulet of the gourmand
Regen    0.0/turn               i - ring of protection from fire
MPRegen  0.2/turn               e - ring "Koleb" {rPois rC- MR+ Int+2 Stlth+}

@: very slightly contaminated, non-regenerating
A: damage resistance, heal wounds, negative energy resistance 1, sense
surroundings 2, no regeneration
a: Heal Wounds, Minor Destruction, Lesser Servant of Makhleb, Major Destruction,
Greater Servant of Makhleb, Renounce Religion


You were on level 15 of the Dungeon.
You worshipped Makhleb.
Makhleb was extremely pleased with you.
You were completely stuffed.

You visited 3 branches of the dungeon, and saw 21 of its levels.
You also visited: Sewer and Ossuary.

You collected 2469 gold pieces.
You spent 1954 gold pieces at shops.

Inventory:

Hand Weapons
 a - a +3 broad axe of venom (weapon)
 b - a +5 hunting sling of flaming
 j - a +2 spear of piercing
 Q - a +1 flail of draining
Missiles
 k - 7 needles of sleeping
 r - 4 steel tomahawks
 R - 161 sling bullets
 W - 36 tomahawks (quivered)
Armour
 d - a +1 pair of gloves (worn)
 o - a +0 cloak (worn)
 B - a +0 pair of boots (worn)
 D - a +3 plate armour of cold resistance (worn)
 E - a +0 helmet (worn)
 Z - a +2 shield (worn)
Jewellery
 e - the ring "Koleb" (right hand) {rPois rC- MR+ Int+2 Stlth+}
   (You found it in a sewer)

   [ring of protection from magic]

   It affects your intelligence (+2).
   It makes you vulnerable to cold.
   It protects you from poison.
   It affects your resistance to hostile enchantments.
   It makes you more stealthy.
 i - a ring of protection from fire (left hand)
 z - an amulet of the gourmand (around neck)
Wands
 g - a wand of clouds (4/9)
 w - a wand of iceblast (8/15)
 Y - a wand of digging (20/24)
Scrolls
 c - a scroll of magic mapping
 n - a scroll of enchant weapon
 s - a scroll of silence
 v - 10 scrolls of identify
 y - a scroll of blinking
 F - 3 scrolls of remove curse
 H - 15 scrolls of teleportation
 N - a scroll of fear
Potions
 l - 7 potions of curing
 p - a potion of heal wounds
 q - a potion of lignification
 A - 5 potions of flight
 G - 4 potions of ambrosia
 I - 2 potions of agility
 J - a potion of cancellation
 K - 2 potions of haste
 P - a potion of magic
 S - a potion of resistance
 X - 2 potions of invisibility
Comestibles
 f - 14 bread rations
 h - a royal jelly
 m - 10 meat rations
 t - 6 chunks of flesh
 L - 11 fruits


   Skills:
 + Level 10.8 Fighting
 * Level 15.5 Axes
 - Level 7.3 Slings
 + Level 11.1 Armour
 + Level 9.1 Dodging
 + Level 11.3 Shields
 + Level 12.7 Invocations
 + Level 8.2 Evocations


You had 14 spell levels left.
You didn't know any spells.

Dungeon Overview and Level Annotations

Branches:
Dungeon (15/15)            Temple (0/1) D:7            Lair (4/6) D:8
 Shoals (0/4) Lair:3        Snake (0/4) Lair:4          Orc (2/2) D:9
    Elf (0/3) Orc:2        Vaults (0/5) D:14         Depths (0/5) D:15

Altars:
Ashenzari
Cheibriados
Dithmenos
Fedhas
Hepliaklqana
Kikubaaqudgha
Makhleb
Nemelex Xobeh
Qazlal
Sif Muna
Trog
Uskayaw
Yredelemnul

Shops:
D:10 (   D:11 }   D:12 *   Orc:1 [   Orc:2 (}?=

Annotations:
Lair:3 exclusion: 2 oklob plants


Innate Abilities, Weirdness & Mutations

You are resistant to damage.
You can heal yourself by infusing magical energy.
You resist negative energy. (rN+)
You passively map the area around you.
You do not regenerate.


Message History

You slash the troll!
The troll looks as sick as possible!
You hit the blizzard demon but do no damage.
The blizzard demon looks as sick as possible!
You closely miss the deep troll.
The blizzard demon waves its arms in wide circles.
The air twists around and strikes you!
* * * LOW HITPOINT WARNING * * *
You block the centaur warrior's attack. The troll bites you but does no damage.
You block the troll's attack. The troll claws you but does no damage.
The deep troll bites you!
* * * LOW HITPOINT WARNING * * *
The deep troll claws you but does no damage. x2
You're too full to eat anything.
Blink to where?
Press: ? - help, Dir - move target cursor You are very lightly contaminated with residual magic.
As you read the scroll of blinking, it crumbles to dust.
The blizzard demon gestures at you. The bolt of cold hits you!
You die...

*#######... * ≈
*......... , , ≈≈≈
, ,, ,
........#***,, ≈ ≈
, * .......(# * ..≈
........######Z≈≈ ≈
≈ ≈
........([....;≈≈≈
≈ ≈≈ *
........Tc....#≈≈ ≈
**###.####T2....##≈
≈ ≈≈ * #.
#.@....'.. , ,, ≈
*#......###* * **≈
#......≈# * ,,, ,
≈*#?####≈≈≈##.# **
, #.# #≈≈≈≈≈#.# ≈≈
≈≈ #.# #≈≈≈≈≈#.#
#≈≈≈....#.#
#≈≈≈≈≈.#
#≈≈≈≈≈≈.#.# #≈≈≈≈.#
##### ##≈≈≈≈≈≈.#.#
#≈≈≈≈.# #....


You could see a blizzard demon, a centaur warrior, a deep troll shaped shifter,
a troll, an electric eel and a centaur warrior zombie (wandering).

Vanquished Creatures
  Frances (D:12)
  An orc warlord (Orc:2)
  2 ettins
  A fire dragon (D:15)
  5 hydras
  5 vault guards (D:14)
  2 centaur warriors
  Erica (Lair:2)
  A death knight (D:15)
  12 two-headed ogres
  An orc high priest (Orc:2)
  A deep elf knight (D:15)
  A deep troll (D:15)
  The ghost of Megalobster the Chopper, a novice DDFi (D:7)
  3 wizards (D:14)
  A lindwurm (Lair:4)
  A deep elf mage (D:12)
  4 cyclopes
  A wolf spider zombie (D:15)
  2 oklob plants (Lair:3)
  An elephant (Lair:3)
  6 orc sorcerers (Orc:2)
  10 ugly things
  2 manticores
  A black mamba (Lair:2)
  4 centaur skeletons
  2 torpor snails
  12 spiny frogs
  A rime drake (Lair:1)
  3 gargoyles
  A komodo dragon (shapeshifter) (D:13)
  7 komodo dragons
  6 trolls
  A polar bear (Lair:4)
  8 blink frogs
  5 slime creatures
  5 hippogriffs
  A shadow (D:15)
  A human (D:14)
  A wraith (D:14)
  3 vampires
  6 wyverns
  36 yaks
  A basilisk (D:15)
  A hungry ghost (D:9)
  A steam dragon (Lair:4)
  9 vampire mosquitoes
  An acid dragon (D:14)
  3 nagas (Lair:4)
  8 water moccasins
  7 porcupines
  Duvessa (D:7)
  4 sky beasts
  27 orc warriors
  3 black bears
  4 phantoms
  5 ice beasts
  An eye of draining (D:10)
  11 ogres
  27 centaurs
  2 necrophages
  31 wolves
  7 crocodiles
  3 big kobolds
  21 bullfrogs
  A wyvern zombie (D:12)
  Dowan (D:7)
  A scorpion (D:4)
  2 wyvern skeletons
  7 killer bees
  5 electric eels
  A vampire bat (D:3)
  3 wights (D:15)
  6 howler monkeys
  3 bullfrog zombies
  10 crimson imps
  2 centaur zombies
  A quasit (D:9)
  13 hounds
  2 jellies
  4 gnoll shamans (D:7)
  19 orc priests
  A bullfrog skeleton (D:12)
  29 orc wizards
  2 iguanas
  13 worker ants
  7 hell rats (Lair:4)
  8 mummies (Ossuary)
  13 adders
  14 gnolls
  A shadow imp (D:15)
  2 oozes
  4 adder skeletons
  2 adder zombies (D:6)
  5 worms
  3 dart slugs
  11 leopard geckos
  79 orcs
  9 bats
  3 bat skeletons (D:3)
  4 bat zombies (D:3)
  8 giant cockroaches
  3 gnoll zombies
  9 goblins
  4 hobgoblins
  7 jackals
  27 kobolds
  4 quokkas
  6 ball pythons
  22 frilled lizards
  2 hobgoblin zombies (Ossuary)
  2 kobold zombies (Ossuary)
  2 leopard gecko zombies
  3 orc zombies (Ossuary)
  A quokka skeleton (D:6)
  6 rats
  4 fungi
  3 plants
752 creatures vanquished.

Vanquished Creatures (collateral kills)
  Rupert (D:14)
  An ettin (Orc:1)
  A catoblepas (Lair:4)
  2 tengu warriors (D:13)
  An orc high priest (Orc:2)
  A deep elf knight (D:14)
  An orc knight (Orc:1)
  2 cyclopes (D:13)
  An oklob plant (Lair:3)
  3 orc sorcerers
  A centaur skeleton (D:11)
  2 elephants (Lair:3)
  A kobold demonologist (D:11)
  2 trolls
  A hornet (D:13)
  A slime creature (D:13)
  A blink frog (Lair:2)
  A yak (Lair:3)
  A porcupine (Lair:2)
  4 orc warriors (Orc:1)
  An ogre (Orc:2)
  3 centaurs
  4 crocodiles
  A wyvern zombie (D:13)
  A scorpion (D:11)
  A killer bee (D:13)
  2 electric eels (Lair:4)
  A howler monkey (D:11)
  3 orc priests
  A jelly (D:11)
  2 orc wizards
  An orc (Orc:1)
  A kobold (D:11)
  A fungus (Lair:2)
  A plant (Lair:3)
53 creatures vanquished.

Vanquished Creatures (others)
  An orc priest (Orc:2)
  An orc wizard (Orc:2)
  11 fungi
  5 plants
  11 toadstools (Lair:4)
29 creatures vanquished.

Grand Total: 834 creatures vanquished

Notes
Turn   | Place    | Note
-------+----------+-------------------------------------------
     0 | D:1      | Megalobster the Deep Dwarf Fighter began the quest for the Orb.
     0 | D:1      | Reached XP level 1. HP: 20/20 MP: 1/1
   201 | D:1      | Reached XP level 2. HP: 27/27 MP: 2/2
   267 | D:1      | Found a shattered altar of Ashenzari.
   558 | D:1      | Reached skill level 3 in Axes
   854 | D:2      | Reached XP level 3. HP: 24/33 MP: 3/3
  1495 | D:2      | Reached XP level 4. HP: 15/42 MP: 4/4
  1673 | D:3      | Found a blossoming altar of Fedhas.
  1879 | D:3      | Found a sparkling altar of Nemelex Xobeh.
  1915 | D:3      | Reached skill level 4 in Axes
  2184 | D:3      | Found an ancient bone altar of Kikubaaqudgha.
  2195 | D:3      | Reached XP level 5. HP: 33/49 MP: 5/5
  2285 | D:4      | Noticed a sky beast
  2303 | D:4      | Killed a sky beast
  2303 | D:4      | Reached skill level 5 in Axes
  2303 | D:4      | Reached XP level 6. HP: 16/56 MP: 6/6
  2719 | D:4      | Found a sand-covered staircase.
  2726 | Ossuary  | Entered an ossuary
  3144 | D:4      | Reached XP level 7. HP: 40/64 MP: 7/7
  3250 | D:4      | Reached skill level 5 in Shields
  3545 | D:5      | Entered Level 5 of the Dungeon
  3573 | D:5      | Found a glowing drain.
  3605 | Sewer    | Entered a sewer
  3835 | Sewer    | Reached skill level 6 in Axes
  3835 | Sewer    | Reached skill level 5 in Armour
  3845 | Sewer    | Got a warped brass ring
  4208 | D:5      | Identified the ring "Koleb" {rPois rC- MR+ Int+2 Stlth+} (You found it in a sewer)
  4276 | D:5      | Found a stormy altar of Qazlal.
  5065 | D:6      | Reached XP level 8. HP: 36/73 MP: 8/8
  5131 | D:6      | Reached skill level 7 in Axes
  5156 | D:6      | Found a hide-covered altar of Uskayaw.
  5261 | D:6      | Reached skill level 5 in Fighting
  5423 | D:6      | Reached skill level 8 in Axes
  5436 | D:6      | Found a basalt altar of Yredelemnul.
  5820 | D:7      | Found a burning altar of Makhleb.
  5823 | D:7      | Became a worshipper of Makhleb the Destroyer
  5840 | D:7      | Gained mutation: You passively map the area around you. [Deep Dwarf growth]
  5840 | D:7      | Reached XP level 9. HP: 47/81 MP: 8/8
  5889 | D:7      | Reached skill level 1 in Invocations
  6010 | D:7      | Noticed Megalobster's ghost (novice DDFi)
  6022 | D:7      | Killed Megalobster's ghost
  6022 | D:7      | Reached skill level 9 in Axes
  6075 | D:7      | Reached * piety under Makhleb
  6280 | D:7      | Reached skill level 5 in Invocations
  6327 | D:7      | Found a staircase to the Ecumenical Temple.
  6559 | D:7      | Noticed Duvessa
  6561 | D:7      | Noticed Dowan
  6564 | D:7      | Killed Duvessa
  6564 | D:7      | Reached XP level 10. HP: 50/91 MP: 11/11
  6598 | D:7      | Killed Dowan
  6822 | D:7      | Reached skill level 10 in Axes
  7014 | D:8      | Reached skill level 1 in Evocations
  7119 | D:8      | Found a shadowy altar of Dithmenos.
  7195 | D:8      | Reached skill level 1 in Dodging
  7241 | D:8      | Reached ** piety under Makhleb
  7351 | D:8      | Noticed a two-headed ogre
  7362 | D:8      | Killed a two-headed ogre
  7482 | D:8      | Found a staircase to the Lair.
  7684 | D:9      | Noticed a two-headed ogre
  7707 | D:9      | HP: 1/92 [two-headed ogre/giant spiked club (10)]
  7710 | D:9      | Killed a two-headed ogre
  7710 | D:9      | Reached skill level 11 in Axes
  7718 | D:9      | Got a crude ring mail
  7733 | D:9      | Identified the +0 ring mail of the Trilobite {Int+3} (You found it on level 9 of the Dungeon)
  7881 | D:9      | Reached XP level 11. HP: 84/99 MP: 10/10
  8183 | D:9      | Found a sparkling altar of Nemelex Xobeh.
  8187 | D:9      | Found a deep blue altar of Sif Muna.
  8187 | D:9      | Found a hazy altar of Hepliaklqana.
  8191 | D:9      | Found a snail-covered altar of Cheibriados.
  8624 | D:9      | Found a staircase to the Orcish Mines.
  8925 | Lair:1   | Entered Level 1 of the Lair of Beasts
  9075 | Lair:1   | Reached skill level 1 in Slings
  9408 | Lair:1   | Reached *** piety under Makhleb
  9517 | Lair:1   | Reached skill level 5 in Slings
 10274 | Lair:2   | Noticed a four-headed hydra
 10281 | Lair:2   | Killed a four-headed hydra
 10354 | Lair:2   | Reached XP level 12. HP: 96/112 MP: 12/12
 10367 | Lair:2   | Noticed Erica
 10410 | Lair:2   | Killed Erica
 10479 | Lair:2   | Noticed a five-headed hydra
 10487 | Lair:2   | Killed a five-headed hydra
 10487 | Lair:2   | Reached skill level 12 in Axes
 10951 | Lair:3   | Reached skill level 5 in Dodging
 11025 | Lair:3   | Reached **** piety under Makhleb
 11103 | Lair:3   | Found a staircase to the Shoals.
 11968 | Lair:3   | Reached skill level 10 in Invocations
 12064 | Lair:4   | Reached skill level 13 in Axes
 12079 | Lair:4   | Found a staircase to the Snake Pit.
 12117 | Lair:4   | Reached XP level 13. HP: 83/121 MP: 11/11
 12683 | Lair:4   | Found a runed door.
 13566 | Orc:1    | Entered Level 1 of the Orcish Mines
 13786 | Orc:1    | Noticed an ettin
 13808 | Orc:1    | Killed an ettin
 14145 | Orc:1    | Found Qutt's Antique Armour Shoppe.
 14272 | Orc:1    | Found a bloodstained altar of Trog.
 14451 | Orc:2    | Entered Level 2 of the Orcish Mines
 14610 | Orc:2    | Found a staircase to the Elven Halls.
 14746 | Orc:2    | Noticed an orc warlord
 15045 | Orc:2    | Reached ***** piety under Makhleb
 15088 | Orc:2    | Killed an orc warlord
 15639 | Orc:2    | Found Bereliv's Jewellery Shop.
 15639 | Orc:2    | Found Duciykoi's Antique Weapon Boutique.
 15639 | Orc:2    | Found Selamiyll's Gadget Boutique.
 15642 | Orc:2    | Found Taevi's Magic Scroll Shop.
 15677 | Orc:2    | Bought a scroll of remove curse for 33 gold pieces
 15677 | Orc:2    | Bought a scroll of remove curse for 33 gold pieces
 15677 | Orc:2    | Bought a scroll of amnesia for 38 gold pieces
 15677 | Orc:2    | Bought a scroll of identify for 22 gold pieces
 15677 | Orc:2    | Bought a scroll of identify for 22 gold pieces
 15677 | Orc:2    | Bought a scroll of identify for 22 gold pieces
 15677 | Orc:2    | Bought a scroll of identify for 22 gold pieces
 15677 | Orc:2    | Bought a scroll of blinking for 82 gold pieces
 15678 | Orc:2    | Bought an uncursed amulet of the gourmand for 420 gold pieces
 15754 | Orc:1    | Bought a brightly glowing scale mail for 324 gold pieces
 15764 | Orc:1    | Identified the +1 scale mail "Zeafuq" {rElec rCorr} (You bought it in a shop on level 1 of the Orcish Mines)
 15764 | Orc:1    | Bought a runed plate armour for 936 gold pieces
 16005 | D:10     | Entered Level 10 of the Dungeon
 16014 | D:10     | Found Luav's Antique Weapon Shop.
 16028 | D:10     | Reached skill level 10 in Armour
 16036 | D:10     | Reached skill level 14 in Axes
 16626 | D:11     | Reached skill level 5 in Evocations
 16645 | D:11     | Reached skill level 10 in Shields
 16650 | D:11     | Gained mutation: You resist negative energy. (rN+) [Deep Dwarf growth]
 16650 | D:11     | Reached XP level 14. HP: 87/130 MP: 10/10
 17105 | D:11     | Found Boudgh's Gadget Emporium.
 17595 | D:12     | Reached skill level 10 in Fighting
 17737 | D:12     | Found Xijag's General Store.
 17812 | D:12     | Reached ****** piety under Makhleb
 18028 | D:12     | Noticed Frances
 18049 | D:12     | Killed Frances
 18144 | D:12     | Identified a scroll of acquirement
 20207 | D:14     | Noticed Rupert
 20229 | D:14     | Killed Rupert
 20733 | D:14     | Reached skill level 15 in Axes
 21298 | D:14     | Found a gate to the Vaults.
 21383 | D:15     | Entered Level 15 of the Dungeon
 21397 | D:15     | Reached XP level 15. HP: 140/140 MP: 11/11
 22069 | D:15     | Found a staircase to the Depths.
 22387 | D:15     | Killed from afar by a blizzard demon

Skill      XL: |  1  2  3  4  5  6  7  8  9 10 11 12 13 14 15 |
---------------+----------------------------------------------+-----
Axes           | 3 4 5 6 8 9 11 13 14 15 | 15.5
Fighting       | 3 4 5 6 8 9 10 | 10.8
Armour         | 4 5 6 7 9 10 11 | 11.1
Shields        | 4 5 6 7 8 10 11 | 11.3
Invocations    | 5 7 8 10 11 12 | 12.7
Evocations     | 4 5 7 8 |  8.2
Dodging        | 3 4 6 7 8 9 |  9.1
Slings         | 7 |  7.3

Action                   |  1- 3 |  4- 6 |  7- 9 | 10-12 | 13-15 || total
-------------------------+-------+-------+-------+-------+-------++-------
Melee: War axe           |    87 |   168 |   391 |   910 |   602 ||  2158
       Mace              |       |    21 |    86 |       |       ||   107
       Flail             |       |       |       |     9 |    13 ||    22
       Morningstar       |       |       |       |       |    22 ||    22
       Broad axe         |       |       |       |       |   805 ||   805
 Fire: Hunting sling     |       |       |       |    38 |     3 ||    41
Throw: Stone             |       |       |     4 |     7 |    11 ||    22
       Tomahawk          |       |       |    11 |    48 |    14 ||    73
Invok: Minor Destruction |       |       |       |    19 |    17 ||    36
       Lesser Servant of |       |       |       |     8 |    22 ||    30
       Major Destruction |       |       |       |     1 |     6 ||     7
       Greater Servant o |       |       |       |       |     2 ||     2
 Abil: Heal Wounds       |       |     5 |    10 |    30 |    22 ||    67
Evoke: Wand              |       |       |       |     3 |     2 ||     5
  Use: Scroll            |       |     9 |     2 |    15 |    11 ||    37
       Potion            |       |       |     4 |     6 |     9 ||    19
 Stab: Distracted        |       |       |       |       |    10 ||    10
       Petrified         |       |       |       |       |     2 ||     2
  Eat: Chunk             |     2 |     2 |     5 |    19 |    46 ||    74
       Bread ration      |       |     1 |     1 |       |       ||     2
       Royal jelly       |       |       |     1 |       |     2 ||     3
       Fruit             |       |       |       |     3 |       ||     3
Armor: Scale mail        |    53 |    86 |       |       |       ||   139
       Chain mail        |       |     6 |   244 |   358 |   203 ||   811
       Skin              |       |       |       |    12 |     6 ||    18
       Plate armour      |       |       |       |       |   490 ||   490
Dodge: Dodged            |    24 |    73 |   122 |   292 |   457 ||   968
Block: Shield            |    29 |   125 |   292 |   638 |   978 ||  2062
